 Dungeon Crawl Stone Soup version 0.28-a0-556-gab23d0e057 (webtiles) character file.

Game seed: 13377414956989385029

64 poseidemic the Ducker (level 4, -1/52 HPs)
             Began as a Djinni Berserker on Sept 28, 2021.
             Was a Believer of Trog.
             Slain by a gnoll (6 damage)
             ... on level 2 of the Dungeon.
             The game lasted 00:04:08 (1530 turns).

poseidemic the Ducker (Djinni Berserker)            Turns: 1530, Time: 00:04:09

Health: -1/52      AC:  2    Str: 16    XL:     4   Next: 32%
Gold:   42         EV: 13    Int:  8    God:    Trog [**....] SH:  0 Dex: 14

rFire   + + .      SeeInvis .     - Unarmed
rCold   x . .      Faith    .   (no shield)
rNeg    . . .      Spirit   .   a - +0 animal skin
rPois   ∞          Reflect  .   (no helmet)
rElec   .          Harm     .   (no cloak)
rCorr   .          Rampage  .   (no gloves)
Will    .....                   (boots unavailable)
Stlth   ..........              (no amulet)
HPRegen 0.17/turn               (no ring)
MPRegen 0.00/turn               (no ring)

@: berserking (expiring), flying, very quick
A: sickness immunity, fire resistance 2, cold vulnerability 1, float, innate
caster, hp casting, extra vitality 1
a: Renounce Religion, Berserk, Trog's Hand


You were on level 2 of the Dungeon.
You worshipped Trog.
Trog was pleased with you.
You visited 1 branch of the dungeon, and saw 2 of its levels.

You collected 42 gold pieces.

Inventory:

Missiles
 c - a throwing net (quivered)
Armour
 a - a +0 animal skin (worn)
Scrolls
 e - 3 scrolls of magic mapping {unknown}
 f - 2 scrolls of identify {unknown}
Potions
 b - a potion of degeneration {unknown}
 d - a potion of attraction {unknown}
 g - 2 potions of curing {unknown}


   Skills:
 + Level 3.5 Fighting
 + Level 2.7 Armour
 * Level 3.6 Dodging
 - Level 3.0 Unarmed Combat


You had 2 spell levels left.
You knew the following spells:

 Your Spells              Type           Power      Damage    Failure   Level
a - Shock                 Conj/Air       0%         1d3       41%         1
Your spell library was empty.

Dungeon Overview and Level Annotations

Branches:
Dungeon (2/15)

Altars:


Innate Abilities, Weirdness & Mutations

You are immune to sickness and miasma.
You are immune to poison.
Your flesh is very heat resistant. (rF++)
You are vulnerable to cold. (rC-)
You float through the air rather than walking.
You learn spells naturally, not from books.
Your magical power is your life essence.
You have superior vitality. (+4 HP)


Message History

The gnoll freezes you.
You barely miss the gnoll. You punch the gnoll!
The gnoll is almost dead.
The gnoll barely misses you.
The gnoll hits you with a +1 spear of freezing.
* * * LOW HITPOINT WARNING * * *
The gnoll freezes you.
* * * LOW HITPOINT WARNING * * *
You hit the gnoll.
You kill the gnoll!
Trog accepts your kill. The gnoll completely misses you.
You have reached level 4!
You feel agile.
You barely miss the adder. The adder bites you.
* * * LOW HITPOINT WARNING * * *
You miss the adder. The gnoll closely misses you.
You closely miss the adder. The adder closely misses you.
The gnoll barely misses you.
You punch the adder!
You kill the adder!
Trog accepts your kill.
You punch the endoplasm!
You kill the endoplasm!
Trog accepts your kill.
The gnoll hits you from afar with a +2 spear of venom.
* * * LOW HITPOINT WARNING * * *
You punch the goblin!
You kill the goblin!
Trog accepts your kill.
You hit the giant cockroach.
The giant cockroach is heavily wounded.
The gnoll misses you. The giant cockroach bites you.
* * * LOW HITPOINT WARNING * * *
You punch the giant cockroach!
You kill the giant cockroach!
Trog accepts your kill.
The gnoll hits you from afar with a +2 spear of venom.
You die...

#..............#
##.#####...#....
# #.# ##.###..#
#. #.# ### #..#
... #.# #...
.... #.# ##.#
..... #.# #.#
.>...g####.# #.#
.....gg@...# #.#
......####.# #.#
..... #.# ....
#.# ... #.# #.
#.. # #.# #.#


You could see 3 gnolls.

Vanquished Creatures
  2 adders (D:2)
  A gnoll (D:2)
  A dart slug (D:1)
  2 ball pythons (D:1)
  5 bats (D:1)
  2 endoplasms (D:2)
  2 giant cockroaches
  3 goblins
  2 hobgoblins (D:1)
  5 jackals (D:1)
  2 frilled lizards
  7 kobolds (D:1)
  4 rats (D:1)
38 creatures vanquished.

Notes
Turn   | Place    | Note
-------+----------+-------------------------------------------
     0 | D:1      | poseidemic the Djinni Berserker began the quest for the
                  | Orb.
     0 | D:1      | Reached XP level 1. HP: 20/20 MP: 0/0
   200 | D:1      | Reached XP level 2. HP: 14/25 MP: 0/0
   704 | D:1      | Found a faded altar of an unknown god.
   778 | D:1      | Reached XP level 3. HP: 30/30 MP: 0/0
   778 | D:1      | Learned a level 1 spell: Shock
  1107 | D:1      | Reached ** piety under Trog
  1523 | D:2      | Reached XP level 4. HP: 14/35 MP: 0/0
  1530 | D:2      | Slain by a gnoll

Illustrated notes

Levels and vault maps discovered:
D:1:      scummos_arrival_star, layout_basic, ebering_ecumenical_altar_mist,
          columned_hall_lemuel, minmay_unequal
D:2:      layout_loops_ring, uniq_jessica, uniq_natasha

Skill      XL: |  1  2  3 |
---------------+----------+-----
Dodging        | 3 |  3.6
Fighting       | |  3.5
Armour         | |  2.7
Unarmed Combat | |  3.0

Action                   |  1- 3 |  4- 6 || total
-------------------------+-------+-------++-------
Melee: Unarmed           |   126 |     8 ||   134
       Punch             |     1 |       ||     1
Invok: Berserk           |     2 |       ||     2
 Stab: Sleeping          |     1 |       ||     1
Armor: Animal skin       |    28 |       ||    28
Dodge: Dodged            |    72 |     4 ||    76

Table legend: (Time is in decaauts)
 A = Elapsed time spent in this place.
 B = Non-inter-level travel time spent in this place.
 C = Inter-level travel time spent in this place.
 D = Time resting spent in this place.
 E = Time spent auto-exploring this place.
 F = Levels seen in this place.
 G = Mean time per level.
                   A        B        C        D        E       F      G
               +--------+--------+--------+--------+--------+-----+--------+
         Total |   1527 |   1525 |      2 |    323 |    960 |   2 |  763.5 |
       Dungeon |   1527 |   1525 |      2 |    323 |    960 |   2 |  763.5 |
               +--------+--------+--------+--------+--------+-----+--------+

Top non-repeatable levels by time:
     D:1: 1422 daAuts
     D:2: 104 daAuts
